 Dungeon Crawl Stone Soup version 0.27-a0-1196-g3e9cee4cb2 (webtiles) character file.

Game seed: 2051351190447054461

156516 Essalna the Earth Mage (level 17, -10/113 HPs)
             Began as a Gargoyle Earth Elementalist on May 28, 2021.
             Was a High Priest of Vehumet.
             Mangled by Donald
             ... wielding a +4 broad axe of venom
              (27 damage)
             ... on level 4 of the Swamp.
             The game lasted 01:44:59 (43152 turns).

Essalna the Earth Mage (GrEE)                      Turns: 43152, Time: 01:45:00

Health: -10/113    AC: 26    Str: 14    XL:     17   Next: 67%
Magic:  24/35      EV: 14    Int: 21    God:    Vehumet [*****.]
Gold:   2473       SH:  4    Dex: 10    Spells: 12/44 levels left

rFire    . . .     SeeInvis .   E - +1 whip (elec)
rCold    + . .     Faith    .   C - +0 buckler
rNeg     + . .     Spirit   .   M - +0 robe {rC+}
rPois    ∞         Reflect  .   A - +1 helmet
rElec    +         Harm     .   d - +2 cloak
rCorr    .         Rampage  .   j - +2 pair of gloves
Will     +....                  Z - +1 pair of boots {Stlth+}
Stlth    +++.......             f - amulet of regeneration
HPRegen  1.28/turn              (no ring)
MPRegen  0.24/turn              (no ring)

@: flying
A: sickness immunity, AC +12, big wings, negative energy resistance 1,
electricity resistance, torment resistance 1, petrification resistance
a: Renounce Religion


You were on level 4 of the Swamp.
You worshipped Vehumet.
Vehumet was extremely pleased with you.
You visited 6 branches of the dungeon, and saw 29 of its levels.
You also visited: Ice Cave.

You collected 2880 gold pieces.
You spent 407 gold pieces at shops.

Inventory:

Hand Weapons
 E - a +1 whip of electrocution (weapon)
Missiles
 b - 819 stones
Armour
 a - a +2 robe of willpower
 d - a +2 cloak (worn)
 j - a +2 pair of gloves (worn)
 A - a +1 helmet (worn)
 C - a +0 buckler (worn)
 L - the +2 pair of boots "Xiunen" {Harm *Corrode rElec rPois Int+4}
   (You found it on level 12 of the Dungeon)

   It affects your intelligence (+4).
   It insulates you from electricity.
   It protects you from poison.
   It may corrode you when you take damage.
   It increases damage dealt and taken.
 M - a +0 robe of cold resistance (worn)
 Z - a +1 pair of boots of stealth (worn)
Magical Staves
 n - a staff of conjuration
 r - a staff of air
Jewellery
 f - an amulet of regeneration (around neck)
 w - a ring of protection from cold
 D - an amulet of guardian spirit
 F - an amulet of reflection
 H - a ring of positive energy
 I - a ring of fire
 J - a ring of fire
 K - a ring of positive energy
 R - a ring of protection from cold
 X - a ring of ice
 Y - a ring of ice
Wands
 t - a wand of charming (5)
 v - a wand of iceblast (14)
 O - a wand of mindburst (41)
 P - a wand of digging (7)
 S - a wand of acid (22)
 T - a wand of flame (42)
 W - a wand of polymorph (15)
Scrolls
 m - 7 scrolls of teleportation
 o - 4 scrolls of vulnerability
 p - 11 scrolls of identify
 q - 5 scrolls of enchant weapon
 s - a scroll of holy word
 x - 4 scrolls of enchant armour
 y - 7 scrolls of amnesia
 B - 2 scrolls of magic mapping
 N - a scroll of fog
 U - a scroll of blinking
 V - 4 scrolls of fear
Potions
 c - 2 potions of invisibility
 e - 4 potions of cancellation
 g - 6 potions of curing
 h - 12 potions of ambrosia
 i - 3 potions of resistance
 k - 3 potions of might
 l - 5 potions of haste
 u - 3 potions of lignification
 z - 9 potions of heal wounds
 G - 2 potions of brilliance
 Q - 2 potions of mutation


   Skills:
 - Level 15.4 Fighting
 - Level 6.0 Armour
 - Level 9.0 Dodging
 - Level 2.1 Stealth
 - Level 4.0 Shields
 - Level 14.1 Spellcasting
 - Level 10.1 Conjurations
 - Level 0.7 Transmutations
 - Level 8.3 Fire Magic
 + Level 4.7 Ice Magic
 - Level 17.4 Earth Magic


You had 12 spell levels left.
You knew the following spells:

 Your Spells              Type           Power      Damage    Failure   Level
a - Sandblast             Erth           100%       2d20      0%          1
b - Stone Arrow           Conj/Erth      100%       3d13      1%          3
c - Lee's Rapid Deconstr  Erth           36%        3d19*     1%          5
d - Bolt of Magma         Conj/Fire/Erth 30%        4d14      1%          5
e - Iron Shot             Conj/Erth      32%        9d7       1%          6
f - Ozocubu's Refrigerat  Ice            17%        4d8       75%         7
g - Fireball              Conj/Fire      26%        3d12      1%          5

Your spell library contained the following spells:

 Spells                   Type           Power      Damage    Failure   Level
 Foxfire                  Conj/Fire      100%       2x1d9     1%          1
 Magic Dart               Conj           100%       1d8       1%          1
 Passwall                 Tmut/Erth      43%        N/A       1%          2
 Conjure Flame            Conj/Fire      52%        6-21      1%          3
 Inner Flame              Hex/Fire       32%        N/A       1%          3
 Mephitic Cloud           Conj/Pois/Air  29%        N/A       1%          3
 Leda's Liquefaction      Hex/Erth       25%        N/A       1%          4
 Petrify                  Tmut/Erth      52%        N/A       1%          4
 Sticky Flame             Conj/Fire      52%        2d7       1%          4
 Beastly Appendage        Tmut           34%        N/A       3%          1
 Irradiate                Conj/Tmut      18%        3d20      3%          5
 Animate Skeleton         Necr           28%        N/A       4%          1
 Apportation              Tloc           28%        N/A       4%          1
 Corona                   Hex            15%        N/A       4%          1
 Pain                     Necr           56%        1d6       4%          1
 Summon Small Mammal      Summ           56%        N/A       4%          1
 Wereblood                Tmut           17%        N/A       4%          2
 Blink                    Tloc           N/A        N/A       6%          2
 Call Imp                 Summ           14%        N/A       6%          2
 Slow                     Hex            14%        N/A       6%          2
 Spider Form              Tmut/Pois      8%         N/A       11%         3
 Call Canine Familiar     Summ           14%        N/A       13%         3
 Portal Projectile        Hex/Tloc       28%        N/A       13%         3
 Summon Guardian Golem    Hex/Summ       14%        N/A       13%         3
 Vampiric Draining        Necr           7%         2d7       13%         3
 Ice Form                 Ice/Tmut       26%        N/A       14%         4
 Summon Ice Beast         Ice/Summ       24%        N/A       16%         4
 Lehudib's Crystal Spear  Conj/Erth      32%        10d8      24%         8
 Animate Dead             Necr           7%         N/A       38%         4
 Cause Fear               Hex            7%         N/A       38%         4
 Summon Lightning Spire   Summ/Air       14%        N/A       38%         4
 Hydra Form               Tmut           8%         N/A       65%         5
 Spellforged Servitor     Conj/Summ      18%        N/A       71%         7
 Agony                    Necr           14%        N/A       75%         5
 Summon Forest            Summ/Tloc      7%         N/A       75%         5
 Summon Mana Viper        Hex/Summ       14%        N/A       75%         5
 Blade Hands              Tmut           8%         N/A       99%         6
 Shadow Creatures         Summ           N/A        N/A       100%        6
 Dragon Form              Tmut           8%         N/A       100%        7
 Summon Hydra             Summ           7%         N/A       100%        7
 Chain Lightning          Conj/Air       18%        N/A       100%        8
 Absolute Zero            Ice            17%        ∞         100%        9
 Fire Storm               Conj/Fire      26%        8d7       100%        9
 Statue Form              Tmut/Erth      Unusable   N/A       N/A         6

Dungeon Overview and Level Annotations

Branches:
Dungeon (15/15)            Temple (1/1) D:7            Lair (6/6) D:8
  Swamp (4/4) Lair:4       Spider (1/4) Lair:3        Slime (0/5) Lair:6
    Orc (2/2) D:9             Elf (0/3) Orc:2        Vaults (0/5) D:13
 Depths (0/5) D:15          IceCv (visited)

Altars:
Fedhas
Hepliaklqana
Makhleb
Okawaru
Trog
Vehumet
Xom
The Shining One
Beogh
Jiyva

Shops:
D:8 !   D:10 [   D:11 *   D:13 =   Orc:2 (

Annotations:
D:12 1 runed translucent door, miami27's ghost, journeyman GnFi
D:14 exclusion: obsidian statue
Lair:6 exclusion: 5 oklob plants
Swamp:4 Donald


Innate Abilities, Weirdness & Mutations

You are immune to sickness and miasma.
Your stone body is resilient. (AC +12)
You are immune to poison.
Your large and strong wings let you fly.
You resist negative energy. (rN+)
You are resistant to electric shocks. (rElec)
You are resistant to unholy torment.
You are immune to petrification.


Message History

Donald gestures wildly while chanting.
Donald seems to speed up.
You bump into the mangrove.
Donald says, "Damn it, I left my flaming sword at home."
Donald hits you with a +4 broad axe of venom!!
The vampire mosquito buzzes angrily.
There is a stone staircase leading up here.
You're too confused to cast spells.
Unknown command.
Unknown command.
Unknown command.
Donald says, "Do you find it easier to cast spells, now?"
Donald barely misses you.
You bump into the mangrove.
You feel less invigorated.
You feel less confused.
The vampire mosquito bites you but does no damage.
Donald says, "I hate Vehumet."
Donald hits you but does no damage.
Casting: Sandblast (safe; 0% risk of failure)
Confirm with . or Enter, or press ? or * to list all spells.
Aiming: Iron Shot (dangerous; 1% risk of failure)
Press: ? - help, Shift-Dir - straight line, f - Donald
Aim: Donald, wielding a +4 broad axe of venom, wearing a +0 chain mail and wearing a +0 kite shield (heavily wounded, fast, strong, 84% to hit)
Donald blocks the iron shot.
The vampire mosquito bites you but does no damage.
Donald hits you with a +4 broad axe of venom!!
The vampire mosquito barely misses you.
Donald says, "I hope I haven't come all this way for a glorified paperweight."
Donald hits you with a +4 broad axe of venom!!
* * * LOW HITPOINT WARNING * * *
Casting: Iron Shot (dangerous; 1% risk of failure)
Confirm with . or Enter, or press ? or * to list all spells.
Aiming: Iron Shot (dangerous; 1% risk of failure)
Press: ? - help, Shift-Dir - straight line, f/p - Donald
Aim: Donald, wielding a +4 broad axe of venom, wearing a +0 chain mail and wearing a +0 kite shield (heavily wounded, fast, strong, 84% to hit)
The iron shot hits Donald!!
Donald is severely wounded.
The vampire mosquito misses you.
Donald hits you with a +4 broad axe of venom!!
You die...

♣♣♣♣♣♣♣♣♣ ♣♣
♣≈≈.≈≈..≈ ♣♣♣≈
♣=≈§≈≈≈.≈ ♣..≈
♣..≈≈≈≈.§ ♣.≈≈
♣.≈≈≈≈≈.. ♣.≈≈
♣♣♣♣♣♣♣≈≈≈≈≈§.≈ ≈≈≈
♣≈..≈♣♣≈≈≈≈≈..≈
♣≈♣♣♣♣....♣♣♣≈≈≈≈..<
♣..@@.≈≈≈≈..≈♣≈≈§≈÷♣
♣.≈≈y≈≈≈≈≈≈.....≈≈.≈
♣.≈≈≈≈≈≈≈≈≈.≈≈≈.♣.§≈
♣.≈≈≈≈≈.≈≈≈≈≈)≈≈.≈..
♣♣≈≈≈.♣≈≈≈≈≈[≈≈≈.≈.♣
♣....≈♣♣.§≈≈≈≈≈≈≈≈.♣
..≈≈≈♣♣♣♣.≈≈≈≈≈≈≈≈..♣
(.≈.≈♣ ♣♣.≈≈≈≈≈....
)≈.≈≈. ♣.≈≈≈≈≈...≈


You could see Donald (fast, strong) and a vampire mosquito.

Vanquished Creatures
  Gastronok (D:8)
  Frances (D:12)
  2 thorn hunters
  A fenstrider witch (Swamp:1)
  A frost giant (IceCv)
  2 ghouls (Swamp:3)
  Nessos (D:13)
  Azrael (D:12)
  3 bunyips
  An ettin (D:14)
  4 eleionomae
  16 hydras
  Erolcha (D:12)
  3 boulder beetles
  4 catoblepae (Lair:6)
  4 centaur warriors
  9 two-headed ogres
  11 alligators
  Erica (D:8)
  Urug (D:13)
  11 death yaks
  2 tengu warriors
  A deep elf knight (D:13)
  2 goliath frogs
  A deep troll (D:15)
  7 bog bodies
  A flayed ghost (D:13)
  2 spriggan druids (Swamp:3)
  10 swamp dragons
  2 necromancers (D:15)
  Pikel (D:5)
  2 deep elf pyromancers (D:13)
  6 orc knights
  A will-o-the-wisp (Swamp:3)
  5 orc sorcerers
  An oklob plant (Lair:1)
  A salamander (shapeshifter) (D:11)
  4 cyclopes
  4 manticores
  13 elephants
  5 ugly things
  4 centaur zombies
  2 molten gargoyles (Lair:4)
  7 black mambas
  An ice statue (IceCv)
  18 cane toads
  2 unseen horrors
  2 gargoyles
  A torpor snail (Lair:2)
  5 rime drakes
  Psyche (D:8)
  13 komodo dragons
  An efreet (D:15)
  2 kobold demonologists
  3 yaktaurs (D:13)
  Maggie (D:9)
  A demonic crawler (Spider:1)
  A tengu conjurer (D:13)
  A queen bee (Lair:5)
  3 trolls
  15 polar bears
  6 meliai
  Prince Ribbit (D:9)
  8 jumping spiders (Lair:3)
  A bloated husk (Swamp:3)
  10 tyrant leeches
  10 blink frogs
  4 hornets
  11 slime creatures
  10 dream sheep (Lair:5)
  2 centaur simulacra
  4 spriggans
  4 redbacks (Lair:3)
  2 shadows
  A tarantella (Spider:1)
  3 wraiths
  67 yaks
  6 wyverns
  2 fire elementals (D:12)
  A steam dragon (D:7)
  A basilisk (Lair:1)
  14 vampire mosquitoes
  A warg (D:15)
  9 swamp worms
  7 acid dragons
  16 water moccasins
  27 orc warriors
  4 swamp drakes
  3 hell hounds
  8 ice beasts (Lair:2)
  A black bear (D:5)
  15 ogres
  2 necrophages
  10 boggarts
  33 wolves
  4 lemures (D:5)
  20 centaurs
  3 phantoms
  Blork the orc (D:5)
  6 kobold brigands
  8 bullfrogs
  A gnoll sergeant (D:9)
  A water moccasin zombie (D:6)
  5 scorpions
  A troll zombie (D:9)
  22 killer bees (Lair:5)
  A howler monkey (D:5)
  5 lava snakes (Lair:4)
  6 hounds
  4 jellies
  17 orc priests
  A centaur skeleton (D:4)
  2 iguanas
  A bullfrog skeleton (D:5)
  8 hell rats
  28 orc wizards
  7 ogre zombies (D:9)
  A hound skeleton (D:5)
  2 howler monkey zombies (D:9)
  11 gnolls
  A howler monkey skeleton (D:4)
  5 adders
  6 river rats (Lair:6)
  2 shadow imps
  An ufetubus (D:3)
  An adder zombie (D:5)
  3 dart slugs
  98 orcs
  3 ball pythons
  2 bats (D:1)
  6 endoplasms
  6 giant cockroaches
  8 goblins
  7 hobgoblins
  8 jackals
  3 quokkas
  4 frilled lizards (D:1)
  2 goblin skeletons (D:9)
  4 goblin zombies (D:9)
  2 hobgoblin skeletons (D:9)
  3 hobgoblin zombies (D:9)
  29 kobolds
  2 orc skeletons (D:9)
  11 orc zombies (D:9)
  10 rats
931 creatures vanquished.

Vanquished Creatures (others)
  A polar bear (IceCv)
  2 yaks (IceCv)
  A wolf (IceCv)
  2 foxfires (Swamp:3)
  74 fungi
  86 plants
166 creatures vanquished.

Grand Total: 1097 creatures vanquished

Notes
Turn   | Place    | Note
-------+----------+-------------------------------------------
     0 | D:1      | Essalna the Gargoyle Earth Elementalist began the quest for
                  | the Orb.
     0 | D:1      | Reached XP level 1. HP: 10/10 MP: 3/3
   125 | D:1      | Reached XP level 2. HP: 13/15 MP: 1/5
   131 | D:1      | Reached skill level 4 in Earth Magic
   694 | D:1      | Reached XP level 3. HP: 18/19 MP: 6/6
   708 | D:1      | Learned a level 3 spell: Stone Arrow
   958 | D:1      | You fall into a shaft and drop 1 floor!
  1083 | D:1      | Found a faded altar of an unknown god.
  1357 | D:2      | Reached skill level 1 in Conjurations
  1357 | D:2      | Reached XP level 4. HP: 5/24 MP: 4/8
  1502 | D:2      | Reached skill level 5 in Earth Magic
  1772 | D:2      | Reached XP level 5. HP: 13/28 MP: 5/9
  2517 | D:3      | Found an iron altar of Okawaru.
  3337 | D:4      | Reached XP level 6. HP: 32/32 MP: 11/11
  3570 | D:4      | Reached skill level 6 in Earth Magic
  3878 | D:5      | Entered Level 5 of the Dungeon
  3887 | D:4      | Reached skill level 1 in Fighting
  3887 | D:4      | Reached XP level 7. HP: 31/38 MP: 7/13
  4319 | D:5      | Reached skill level 7 in Earth Magic
  4352 | D:5      | Reached skill level 5 in Spellcasting
  4352 | D:5      | Reached XP level 8. HP: 46/46 MP: 0/15
  4528 | D:5      | Noticed Blork the orc
  4534 | D:5      | Killed Blork the orc
  5061 | D:5      | Noticed Pikel
  5288 | D:5      | Killed Pikel
  5289 | D:5      | Reached skill level 8 in Earth Magic
  5494 | D:6      | Reached skill level 5 in Fighting
  5617 | D:6      | Reached XP level 9. HP: 54/54 MP: 8/18
  5746 | D:6      | Reached skill level 1 in Armour
  6303 | D:6      | You fall into a shaft and drop 3 floors!
  6307 | D:9      | Noticed a kobold demonologist
  6326 | D:9      | Killed a kobold demonologist
  6391 | D:8      | Noticed Psyche
  6408 | D:8      | Noticed Erica
  6434 | D:7      | Reached skill level 9 in Earth Magic
  7446 | D:7      | Found a staircase to the Ecumenical Temple.
  7452 | Temple   | Entered the Ecumenical Temple
  7459 | Temple   | Became a worshipper of Vehumet
  8298 | D:6      | Found a bloodstained altar of Trog.
  8392 | D:8      | Reached XP level 10. HP: 61/61 MP: 13/20
  8609 | D:8      | Learned a level 5 spell: Lee's Rapid Deconstruction
  8840 | D:9      | Noticed a two-headed ogre
  8847 | D:9      | Killed a two-headed ogre
  9028 | D:8      | Killed Erica
  9028 | D:8      | Reached * piety under Vehumet
  9028 | D:8      | Offered knowledge of Freeze by Vehumet.
  9029 | D:8      | Reached skill level 5 in Armour
  9029 | D:8      | Reached skill level 10 in Earth Magic
  9170 | D:8      | Killed Psyche
  9240 | D:8      | Noticed Gastronok
  9356 | D:9      | Noticed Prince Ribbit
  9363 | D:9      | Killed Prince Ribbit
  9625 | D:9      | Found a staircase to the Orcish Mines.
  9637 | D:9      | Offered knowledge of Shock by Vehumet.
  9641 | D:9      | Reached ** piety under Vehumet
  9718 | D:9      | Noticed Maggie
  9731 | D:9      | Killed Maggie
  9863 | D:9      | Noticed a two-headed ogre
  9870 | D:9      | Killed a two-headed ogre
  9871 | D:9      | Reached XP level 11. HP: 68/68 MP: 10/23
 10030 | D:9      | Reached skill level 5 in Dodging
 10219 | D:9      | Noticed a two-headed ogre
 10223 | D:9      | Killed a two-headed ogre
 10411 | Orc:1    | Entered Level 1 of the Orcish Mines
 10470 | Orc:1    | Offered knowledge of Static Discharge by Vehumet.
 10519 | Orc:1    | Found a radiant altar of Vehumet.
 10897 | Orc:2    | Entered Level 2 of the Orcish Mines
 10897 | Orc:2    | Noticed a two-headed ogre
 10909 | Orc:1    | Reached *** piety under Vehumet
 11018 | Orc:2    | Killed a two-headed ogre
 11019 | Orc:2    | Reached skill level 11 in Earth Magic
 11127 | Orc:2    | Noticed a two-headed ogre
 11134 | Orc:2    | Killed a two-headed ogre
 11220 | Orc:2    | Offered knowledge of Olgreb's Toxic Radiance by Vehumet.
 11494 | Orc:2    | Noticed a two-headed ogre
 11504 | Orc:2    | Killed a two-headed ogre
 11617 | Orc:1    | Reached **** piety under Vehumet
 11621 | Orc:1    | Noticed an orc sorcerer
 11744 | Orc:1    | Killed an orc sorcerer
 11744 | Orc:1    | Offered knowledge of Bolt of Magma by Vehumet.
 11751 | Orc:1    | Learned a level 5 spell: Bolt of Magma
 12916 | Orc:2    | Reached XP level 12. HP: 72/76 MP: 2/25
 13038 | Orc:2    | Found a staircase to the Elven Halls.
 13114 | Orc:2    | Paralysed by an orc sorcerer for 3 turns
 13317 | Orc:2    | Noticed an orc warlord
 13480 | Orc:2    | Reached skill level 12 in Earth Magic
 13876 | Orc:2    | Found Loduhidu's Weapon Emporium.
 13881 | Orc:2    | Reached skill level 10 in Fighting
 14629 | Orc:2    | Noticed a two-headed ogre
 14635 | Orc:2    | Killed a two-headed ogre
 14889 | D:10     | Entered Level 10 of the Dungeon
 14984 | D:10     | Found Ceymoe's Antique Armour Boutique.
 14999 | D:10     | Reached skill level 1 in Fire Magic
 15003 | D:10     | Reached ***** piety under Vehumet
 15006 | D:10     | Offered knowledge of Irradiate by Vehumet.
 15227 | D:10     | Identified the +1 leather armour of Wu Jian's Whim {Dex+3}
 15792 | D:11     | Noticed a boulder beetle
 15805 | D:11     | Noticed a two-headed ogre
 15814 | D:11     | Reached skill level 1 in Shields
 15818 | D:11     | Killed a two-headed ogre
 15881 | D:11     | Killed a boulder beetle
 15946 | D:11     | Reached skill level 10 in Spellcasting
 16344 | D:11     | Found Pual's Assorted Antiques.
 16359 | D:11     | Bought a black potion for 19 gold pieces
 16359 | D:11     | Bought a graven book for 330 gold pieces
 16359 | D:11     | Bought a bubbling brown potion for 19 gold pieces
 16359 | D:11     | Bought 2 bubbling inky potions for 39 gold pieces
 16424 | D:11     | Reached XP level 13. HP: 83/83 MP: 25/27
 16727 | D:11     | Reached skill level 13 in Earth Magic
 17038 | D:12     | Noticed Azrael
 17119 | D:12     | Noticed Erolcha
 17121 | D:12     | Paralysed by Erolcha for 3 turns
 17125 | D:12     | Killed Erolcha
 17333 | D:12     | Identified the +2 pair of boots "Xiunen" {Harm *Corrode
                  | rElec rPois Int+4}
 17845 | D:12     | Killed Azrael
 18211 | D:12     | Noticed Frances
 18222 | D:12     | Killed Frances
 18369 | D:12     | Found a runed translucent door.
 18369 | D:12     | Found a shimmering altar of Xom.
 18369 | D:12     | Noticed miami27's ghost (journeyman GnFi)
 18369 | D:12     | Identified the +3 trident of Ischekann {chaos, Int+4}
 18446 | D:12     | Offered knowledge of Lightning Bolt by Vehumet.
 19080 | D:13     | Noticed Urug
 19237 | D:13     | Reached skill level 5 in Fire Magic
 20147 | D:13     | Gained mutation: Your large and strong wings let you fly.
                  | [Gargoyle growth]
 20147 | D:13     | Reached XP level 14. HP: 91/91 MP: 10/28
 20307 | D:13     | Found a gate to the Vaults.
 20472 | D:13     | Noticed Nessos
 20549 | D:13     | Killed Nessos
 20618 | D:13     | Found Plog's Jewellery Boutique.
 20942 | D:13     | Killed Urug
 21374 | D:14     | Reached skill level 14 in Earth Magic
 22467 | D:14     | You are sucked into a shaft and drop 1 floor!
 22467 | D:15     | Entered Level 15 of the Dungeon
 22724 | D:15     | Offered knowledge of Eringya's Noxious Bog by Vehumet.
 22730 | D:15     | Found a blossoming altar of Fedhas.
 24155 | D:15     | Found a staircase to the Depths.
 24784 | D:8      | Found Beywn's Distillery.
 24824 | D:8      | Killed Gastronok
 25269 | D:8      | Found a staircase to the Lair.
 25336 | Lair:1   | Entered Level 1 of the Lair of Beasts
 25767 | Lair:1   | Reached XP level 15. HP: 97/97 MP: 21/30
 26692 | Lair:2   | Found a frozen archway.
 26701 | Lair:2   | Reached skill level 15 in Earth Magic
 26735 | IceCv    | Entered an ice cave
 27594 | IceCv    | Offered knowledge of Iron Shot by Vehumet.
 27606 | IceCv    | Learned a level 6 spell: Iron Shot
 27992 | IceCv    | Noticed a frost giant
 28003 | IceCv    | Killed a frost giant
 29211 | Lair:2   | Identified the +0 ring mail of Relativism {Dex+2}
 29630 | Lair:2   | Reached skill level 5 in Conjurations
 29767 | Lair:3   | Identified a scroll of acquirement
 29767 | Lair:3   | Acquired a +1 pair of boots of stealth
 29970 | Lair:3   | Found a hole to the Spider Nest.
 32415 | Lair:4   | Found a staircase to the Swamp.
 33282 | Lair:5   | Offered knowledge of Conjure Ball Lightning by Vehumet.
 33381 | Lair:5   | Reached XP level 16. HP: 105/105 MP: 7/32
 33595 | Lair:5   | Reached skill level 16 in Earth Magic
 34388 | Lair:6   | Entered Level 6 of the Lair of Beasts
 34427 | Lair:6   | Found a runed translucent door.
 34427 | Lair:6   | Found a viscous altar of Jiyva.
 34427 | Lair:6   | Found a staircase to the Slime Pits.
 34711 | Lair:6   | Offered knowledge of Yara's Violent Unravelling by Vehumet.
 37963 | Spider:1 | Entered Level 1 of the Spider Nest
 38649 | Swamp:1  | Entered Level 1 of the Swamp
 38651 | Swamp:1  | Noticed a thorn hunter
 38659 | Swamp:1  | Killed a thorn hunter
 39147 | Swamp:1  | Reached skill level 15 in Fighting
 39147 | Swamp:1  | Reached skill level 17 in Earth Magic
 39318 | Swamp:1  | Reached XP level 17. HP: 113/113 MP: 19/34
 40626 | Swamp:1  | Paralysed by a fenstrider witch for 4 turns
 40650 | Swamp:1  | Paralysed by a fenstrider witch for 7 turns
 40660 | Swamp:1  | Paralysed by a fenstrider witch for 6 turns
 41072 | Swamp:2  | Reached skill level 10 in Conjurations
 41120 | Swamp:2  | You are sucked into a shaft and drop 1 floor!
 41270 | Swamp:3  | Offered knowledge of Ozocubu's Refrigeration by Vehumet.
 41305 | Swamp:3  | Learned a level 7 spell: Ozocubu's Refrigeration
 41461 | Swamp:3  | Reached skill level 1 in Ice Magic
 42696 | Swamp:3  | Learned a level 5 spell: Fireball
 42718 | Swamp:4  | Entered Level 4 of the Swamp
 42842 | Swamp:4  | Noticed Donald
 43152 | Swamp:4  | Mangled by Donald

Illustrated notes

Levels and vault maps discovered:
D:1:      lightli_arrival_flooded_house, layout_rooms,
          shapermc_ecumenical_altar_gd, nrook_mini_backslash,
          minmay_pentomino_s2
D:2:      layout_basic
D:3:      wander_river, layout_basic, marbit_many_paths
D:4:      layout_loops_ring, kennysheep_generic_room_15
D:5:      layout_rooms, uniq_blork_the_orc, uniq_pikel
D:6:      layout_loops_ring, lightli_temple_of_fire, palyth_stone_intersect
D:7:      layout_loops_ring, minmay_temple_entry_fiery
D:8:      layout_basic, grunt_lair_entry_orc_guard_hut, serial_shops,
          nicolae_shop_behind_doors, minmay_stone_trees_small, uniq_psyche,
          uniq_erica, uniq_gastronok
D:9:      layout_rooms, zombieorc2_lemuel, grunt_ministairs_5, uniq_maggie,
          uniq_prince_ribbit1
D:10:     layout_irregular_city, serial_shops, kennysheep_mini_moat,
          serial_bayou_pond_e
D:11:     layout_gridville, serial_shops, nicolae_shop_window_shopping,
          grunt_potential
D:12:     layout_roguey, ebering_ghost_xom, uniq_azrael, uniq_frances,
          uniq_erolcha
D:13:     layout_cave_pods, hangedman_vaults_entry_quadrant_bands, serial_shops,
          nicolae_shop_stone, chequers_serial_rivers_small_a, uniq_urug,
          uniq_nessos
D:14:     layout_grid_maze, minmay_fountain_box, dk_noncrumbling_4,
          small_statue_intersection, minmay_protected_statue
D:15:     hangedman_depths_entry_civil_slaughter, layout_rooms,
          minmay_crystal_room, solitary_fountain, fedhas_altar_1
Temple:   regret_index_temple_chain_breaker
Lair:1:   layout_hall_layers, minmay_lair_oklob_bushes
Lair:2:   layout_big_grid, portal_ice_cave_entry_ice_beasts, grunt_megastairs_1
Lair:3:   layout_chaotic_city, nicolae_spider_entry_tight_spaces,
          wad_woods_river_04, lemuel_fruit_fields
Lair:4:   cheibrodos_magma_flow, layout_loops_ring, palyth_hydra_swamp_entry
Lair:5:   layout_misc_corridors, special_room [special_room_bee],
          infiniplex_staircase_pool
Lair:6:   evilmike_catoblepas_cave, layout_regular_city, slime_altar_2,
          gauntlet_entry_generic, kennysheep_rathole, minmay_lair_oklob_chamber,
          grunt_megastairs_4
Swamp:1:  layout_basic_swamp, evilmike_swamp_ruin_rubble_1, st_swamp_ruins_1,
          infiniplex_staircase_pool_2
Swamp:2:  layout_basic_swamp, basic_altar
Swamp:3:  layout_basic_swamp, nicolae_swamp_bean_lake
Swamp:4:  swamp, layout_basic_swamp, uniq_donald, uniq_louise
Spider:1: layout_chambers, uniq_agnes, uniq_aizul, uniq_asterion
Orc:1:    layout_caves, basic_altar
Orc:2:    pubby_orc_utopia, serial_shops

Skill      XL: |  1  2  3  4  5  6  7  8  9 10 11 12 13 14 15 16 17 |
---------------+----------------------------------------------------+-----
Earth Magic    | 4 5 6 7 8 9 10 11 12 13 14 15 17 | 17.4
Spellcasting   | 3 4 5 6 7 8 9 10 11 12 13 14 | 14.1
Conjurations   | 1 2 3 4 6 9 10 | 10.1
Fighting       | 1 3 5 6 8 9 10 11 12 13 15 | 15.4
Armour         | 3 6 |  6.0
Dodging        | 3 4 6 7 8 9 |  9.0
Fire Magic     | 3 5 7 8 |  8.3
Shields        | 2 4 |  4.0
Ice Magic      | 4 |  4.7
Stealth        | |  2.1
Transmutations | |  0.7

Action                   |  1- 3 |  4- 6 |  7- 9 | 10-12 | 13-15 | 16-18 || total
-------------------------+-------+-------+-------+-------+-------+-------++-------
Melee: Rapier            |    85 |   126 |   132 |     7 |       |       ||   350
       Hand axe          |     2 |       |       |       |       |       ||     2
       Whip              |       |       |       |   240 |   266 |   341 ||   847
 Cast: Sandblast         |    16 |    45 |    13 |    32 |    42 |    95 ||   243
       Stone Arrow       |       |       |   107 |   257 |   596 |   420 ||  1380
       Lee's Rapid Decon |       |       |       |    41 |   102 |    28 ||   171
       Bolt of Magma     |       |       |       |    19 |     4 |       ||    23
       Iron Shot         |       |       |       |       |     7 |    67 ||    74
       Fireball          |       |       |       |       |       |     8 ||     8
Evoke: Wand              |       |       |       |       |     2 |       ||     2
  Use: Scroll            |     3 |       |     8 |    13 |     9 |     3 ||    36
       Potion            |       |       |       |       |       |     5 ||     5
 Stab: Sleeping          |     2 |     3 |       |       |       |       ||     5
       Distracted        |       |       |       |       |       |     1 ||     1
Armor: Robe              |    35 |    87 |    83 |   203 |   374 |   504 ||  1286
Dodge: Dodged            |    50 |    89 |    85 |   229 |   420 |   540 ||  1413
Block: Buckler           |       |       |       |    17 |   127 |   153 ||   297

Table legend: (Time is in decaauts)
 A = Elapsed time spent in this place.
 B = Non-inter-level travel time spent in this place.
 C = Inter-level travel time spent in this place.
 D = Time resting spent in this place.
 E = Time spent auto-exploring this place.
 F = Levels seen in this place.
 G = Mean time per level.
                   A        B        C        D        E       F      G
               +--------+--------+--------+--------+--------+-----+--------+
         Total |  43469 |  40912 |   2557 |   2146 |  32017 |  30 | 1449.0 |
       Dungeon |  21087 |  20150 |    937 |   1131 |  15833 |  15 | 1405.8 |
        Temple |     12 |      3 |      9 |      0 |      1 |   1 |   12.0 |
          Lair |  11641 |  10334 |   1307 |    435 |   8233 |   6 | 1940.2 |
         Swamp |   4411 |   4280 |    131 |     93 |   3529 |   4 | 1102.8 |
   Spider Nest |      5 |      5 |      0 |      0 |      0 |   1 |    5.0 |
  Orcish Mines |   4476 |   4303 |    173 |    487 |   3019 |   2 | 2238.0 |
      Ice Cave |   1834 |   1834 |      0 |      0 |   1401 |   1 | 1834.0 |
               +--------+--------+--------+--------+--------+-----+--------+

Top non-repeatable levels by time:
   Orc:2: 3349 daAuts
  Lair:6: 2753 daAuts
    D:13: 2623 daAuts
  Lair:4: 2131 daAuts
    D:12: 2105 daAuts
  Lair:5: 2052 daAuts
 Swamp:1: 1961 daAuts
 Swamp:3: 1870 daAuts
   IceCv: 1834 daAuts
     D:9: 1795 daAuts
  Lair:3: 1789 daAuts
    D:14: 1583 daAuts
     D:5: 1581 daAuts
    D:11: 1565 daAuts
  Lair:1: 1524 daAuts
